 Dungeon Crawl Stone Soup version 0.27.1-33-g824d729ab1 (webtiles) character file.

Game seed: 17389164922304051312

209 jlumianski the Ducker (level 5, 0/47 HPs)
             Began as a Gnoll Monk on Dec 20, 2021.
             Slain by Grinder (6 damage)
             ... on level 4 of the Dungeon.
             The game lasted 00:11:04 (2741 turns).

jlumianski the Ducker (Gnoll Monk)                  Turns: 2741, Time: 00:11:04

Health: 0/47       AC:  7    Str: 17    XL:     5   Next: 87%
Magic:  7/7        EV: 12    Int: 10    God:
Gold:   79         SH:  5    Dex: 14    Spells: 4/7 levels left

rFire    . . .     SeeInvis .   a - +0 hand axe
rCold    . . .     Faith    .   (no shield)
rNeg     . . .     Spirit   .   j - +0 scale mail
rPois    .         Reflect  +   (no helmet)
rElec    .         Harm     .   (no cloak)
rCorr    .         Rampage  .   p - +0 pair of gloves
Will     .....                  (no boots)
Stlth    +.........             k - amulet of reflection
HPRegen  0.15/turn              n - +6 ring of strength
MPRegen  0.10/turn              (no ring)

@: no status effects
A: fangs 1, strong nose, distributed training
a: no special abilities


You were on level 4 of the Dungeon.
You visited 1 branch of the dungeon, and saw 4 of its levels.

You collected 79 gold pieces.

Inventory:

Hand Weapons
 a - a +0 hand axe (weapon)
Missiles
 f - 169 stones
 m - a javelin (quivered)
 o - 2 boomerangs
 r - 19 bolts
Armour
 b - a +0 robe
 j - a +0 scale mail (worn)
 p - a +0 pair of gloves (worn)
Jewellery
 k - an amulet of reflection (around neck)
 n - a +6 ring of strength (left hand)
Scrolls
 e - 2 scrolls of teleportation
 q - 3 scrolls of amnesia
Potions
 d - a potion of ambrosia
 g - a potion of mutation {unknown}
 i - a potion of cancellation {unknown}
 l - 2 potions of flight {unknown}


   Skills:
 + Level 6.7 Fighting
 + Level 1.6 Short Blades
 + Level 1.6 Long Blades
 + Level 6.7 Axes
 + Level 1.6 Maces & Flails
 + Level 1.6 Polearms
 + Level 1.6 Staves
 + Level 1.6 Slings
 + Level 1.6 Bows
 + Level 1.6 Crossbows
 + Level 1.6 Throwing
 + Level 1.6 Armour
 + Level 6.7 Dodging
 + Level 4.5 Stealth
 + Level 1.6 Shields
 + Level 1.6 Unarmed Combat
 + Level 1.6 Spellcasting
 + Level 1.3 Conjurations
 + Level 1.3 Hexes
 + Level 1.3 Summonings
 + Level 1.3 Necromancy
 + Level 1.3 Translocations
 + Level 1.3 Transmutations
 + Level 1.3 Fire Magic
 + Level 1.3 Ice Magic
 + Level 1.3 Air Magic
 + Level 1.3 Earth Magic
 + Level 1.3 Poison Magic
 + Level 1.9 Invocations
 + Level 1.6 Evocations


You had 4 spell levels left.
You knew the following spells:

 Your Spells              Type           Power      Damage    Failure   Level
a - Mephitic Cloud        Conj/Pois/Air  3%         N/A       88%         3

Your spell library contained the following spells:

 Spells                   Type           Power      Damage    Failure   Level
 Passwall                 Tmut/Erth      2%         N/A       67%         2
 Ignite Poison            Fire/Tmut/Pois 3%         N/A       88%         3
 Swiftness                Air            3%         N/A       88%         3
 Bolt of Magma            Conj/Fire/Erth 1%         4d4       100%        5
 Invisibility             Hex            1%         N/A       100%        6


Dungeon Overview and Level Annotations

Branches:
Dungeon (4/15)
 Temple: D:4-7

Altars:

Shops:
D:2 *

Annotations:
D:4 Grinder


Innate Abilities, Weirdness & Mutations

You have very sharp teeth.
Your uncanny sense of smell can sniff out nearby items.
Your experience applies equally to all skills.


Message History

You feel invigorated. The kobold hits you with a +0 whip.
* * * LOW HITPOINT WARNING * * *
Grinder barely misses you.
You bump into the rock wall.
The kobold hits you but does no damage. Grinder closely misses you.
You hit the kobold.
You kill the kobold!
You miss Grinder.
Grinder is no longer unusually resistant.
Grinder hits you.
* * * LOW HITPOINT WARNING * * *
You writhe in agony.
* * * LOW HITPOINT WARNING * * *
You bump into the rock wall.
You hear the rapid rusting of a very distant drain.
Grinder blinks!
You bump into the rock wall.
Grinder gestures at you. Pain shoots through your body!
* * * LOW HITPOINT WARNING * * *
You bump into the rock wall.
You bump into the rock wall.
Grinder gestures at you.
You barely resist.
You feel less invigorated.
You feel less confused.
You hit Grinder.
Grinder is severely wounded.
Grinder gestures at you. Pain shoots through your body!
* * * LOW HITPOINT WARNING * * *
You aren't carrying any items that you can evoke.
Unknown command.
Unknown command.
You barely miss Grinder.
Grinder is severely wounded.
Grinder hits you!
* * * LOW HITPOINT WARNING * * *
You writhe in agony.
You die...

#### ..((### .......
..(....
.......##################
.(.>.......5@...........#
....###############.###.#
. ######..##.#####
.................
########'##.###.# #...#.#
#.# #..[#.###.#
#...#...... #...#####.#


You could see Grinder.

Vanquished Creatures
  A water moccasin skeleton (D:4)
  An orc priest (D:2)
  Natasha (D:4)
  An orc wizard (D:2)
  An adder (D:2)
  3 dart slugs
  7 orcs
  6 ball pythons
  A bat (D:2)
  4 endoplasms
  7 giant cockroaches
  2 goblins (D:2)
  5 hobgoblins
  5 jackals
  A quokka (D:1)
  2 frilled lizards (D:2)
  3 kobolds
  4 rats
55 creatures vanquished.

Vanquished Creatures (others)
  A dart slug (D:1)
  A fungus (D:2)
  4 plants (D:2)
6 creatures vanquished.

Grand Total: 61 creatures vanquished

Notes
Turn   | Place    | Note
-------+----------+-------------------------------------------
     0 | D:1      | jlumianski the Gnoll Monk began the quest for the Orb.
     0 | D:1      | Reached XP level 1. HP: 23/23 MP: 1/1
   189 | D:1      | Reached XP level 2. HP: 26/29 MP: 2/2
   607 | D:1      | Reached XP level 3. HP: 29/35 MP: 3/3
   931 | D:2      | Found a faded altar of an unknown god.
   943 | D:2      | Reached skill level 1 in Invocations
  1052 | D:2      | Reached skill level 1 in Short Blades
  1052 | D:2      | Reached skill level 1 in Long Blades
  1052 | D:2      | Reached skill level 1 in Maces & Flails
  1052 | D:2      | Reached skill level 1 in Polearms
  1052 | D:2      | Reached skill level 1 in Staves
  1052 | D:2      | Reached skill level 1 in Slings
  1052 | D:2      | Reached skill level 1 in Bows
  1052 | D:2      | Reached skill level 1 in Crossbows
  1052 | D:2      | Reached skill level 1 in Throwing
  1052 | D:2      | Reached skill level 1 in Armour
  1052 | D:2      | Reached skill level 1 in Shields
  1052 | D:2      | Reached skill level 1 in Unarmed Combat
  1052 | D:2      | Reached skill level 1 in Spellcasting
  1052 | D:2      | Reached skill level 1 in Evocations
  1543 | D:2      | Reached XP level 4. HP: 41/41 MP: 5/5
  1572 | D:2      | Reached skill level 1 in Conjurations
  1572 | D:2      | Reached skill level 1 in Hexes
  1572 | D:2      | Reached skill level 1 in Summonings
  1572 | D:2      | Reached skill level 1 in Necromancy
  1572 | D:2      | Reached skill level 1 in Translocations
  1572 | D:2      | Reached skill level 1 in Transmutations
  1572 | D:2      | Reached skill level 1 in Fire Magic
  1572 | D:2      | Reached skill level 1 in Ice Magic
  1572 | D:2      | Reached skill level 1 in Air Magic
  1572 | D:2      | Reached skill level 1 in Earth Magic
  1572 | D:2      | Reached skill level 1 in Poison Magic
  1788 | D:2      | Reached XP level 5. HP: 45/47 MP: 6/6
  1822 | D:2      | Learned a level 3 spell: Mephitic Cloud
  1838 | D:2      | Found Umetox's Assorted Antiques.
  2515 | D:4      | Noticed Natasha
  2519 | D:4      | Killed Natasha
  2692 | D:4      | Noticed Grinder
  2701 | D:4      | Paralysed by Grinder for 5 turns
  2710 | D:4      | Paralysed by Grinder for 2 turns
  2741 | D:4      | Slain by Grinder

Illustrated notes

Levels and vault maps discovered:
D:1:      scummos_arrival_forest, layout_loops_ring, minmay_box_of_dots
D:2:      layout_basic, dreamdust_ecumenical_altar_hidden_monk_grotto,
          serial_shops, shop_statue
D:3:      layout_loops_cross, nicolae_qazlal_general_emergency,
          nicolae_hepliaklqana_monster_ancestors, minivault_27
D:4:      layout_basic, kennysheep_mini,
          chequers_temple_overflow_statue_of_worship, portal_sewer_entry_e,
          uniq_natasha, uniq_eustachio, uniq_grinder

Skill      XL: |  1  2  3  4 |
---------------+-------------+-----
Invocations    | 1 |  1.9
Short Blades   | 1 |  1.6
Long Blades    | 1 |  1.6
Maces & Flails | 1 |  1.6
Polearms       | 1 |  1.6
Staves         | 1 |  1.6
Slings         | 1 |  1.6
Bows           | 1 |  1.6
Crossbows      | 1 |  1.6
Throwing       | 1 |  1.6
Armour         | 1 |  1.6
Shields        | 1 |  1.6
Unarmed Combat | 1 |  1.6
Spellcasting   | 1 |  1.6
Evocations     | 1 |  1.6
Conjurations   | 1 |  1.3
Hexes          | 1 |  1.3
Summonings     | 1 |  1.3
Necromancy     | 1 |  1.3
Translocations | 1 |  1.3
Transmutations | 1 |  1.3
Fire Magic     | 1 |  1.3
Ice Magic      | 1 |  1.3
Air Magic      | 1 |  1.3
Earth Magic    | 1 |  1.3
Poison Magic   | 1 |  1.3
Fighting       | |  6.7
Axes           | |  6.7
Dodging        | |  6.7
Stealth        | |  4.5

Action                   |  1- 3 |  4- 6 || total
-------------------------+-------+-------++-------
Melee: Hand axe          |   103 |    86 ||   189
       Bite              |     7 |     8 ||    15
Throw: Stone             |    17 |       ||    17
       Javelin           |     1 |    29 ||    30
  Use: Scroll            |     3 |     4 ||     7
       Potion            |     1 |     4 ||     5
 Stab: Sleeping          |     7 |       ||     7
Armor: Robe              |     5 |     2 ||     7
       Scale mail        |       |     6 ||     6
Dodge: Dodged            |    68 |    45 ||   113
Block: Other             |    13 |    20 ||    33
       Reflection        |     1 |       ||     1
